 Dungeon Crawl Stone Soup version 0.21-a0-529-g8c7b3f5 (webtiles) character file.

28383 Amnesiac the Thrower (level 13, -4/129 (131) HPs)
             Began as an Ogre Arcane Marksman on Dec 11, 2017.
             Was a High Priest of Okawaru.
             Shot with a bolt by a tengu warrior (20 damage)
             ... led by a tengu conjurer
             ... on level 14 of the Dungeon.
             The game lasted 01:08:02 (24880 turns).

Amnesiac the Thrower (Ogre Arcane Marksman)        Turns: 24880, Time: 01:08:03

HP:   -4/129 (131)  AC:  6    Str: 19    XL:     13   Next: 38%
MP:   20/20         EV: 11    Int: 17    God:    Okawaru [*****.]
Gold: 1214          SH: 11    Dex: 10    Spells: 12/22 levels left

rFire    + . .     SeeInvis .   a - +1 blowgun
rCold    + + .     Gourm    .   N - +0 shield {rC+}
rNeg     . . .     Faith    .   s - +2 robe {Archmagi}
rPois    .         Spirit   .   G - +1 hat {god gift}
rElec    .         Reflect  .   d - scarf {rC+ rF+} {god gift}
rCorr    .         Harm     .   (gloves unavailable)
MR       +....                  (boots unavailable)
Stlth    +.........             (no amulet)
HPRegen  0.31/turn              (no ring)
MPRegen  0.17/turn              q - ring of wizardry

@: no status effects
A: large, unfitting armour, beak, clever 1, sense surroundings 1, tough skin 1,
evolution 1
a: Heroism, Finesse, Renounce Religion


You were on level 14 of the Dungeon.
You worshipped Okawaru.
Okawaru was extremely pleased with you.
You were very full.

You visited 2 branches of the dungeon, and saw 15 of its levels.
You also visited: Ossuary and Ice Cave.

You collected 1214 gold pieces.

Inventory:

Hand Weapons
 a - a +1 blowgun (weapon)
 b - a +1 dagger of electrocution
 Q - a +1 short sword of venom
Missiles
 c - 6 needles of confusion {god gift}
 h - 43 poisoned needles (quivered)
 l - 369 stones
 t - 5 poisoned javelins {god gift}
 x - 4 large rocks {god gift}
 S - 2 javelins
Armour
 d - a scarf of resistance (worn) {god gift}
 s - a +2 robe of the Archmagi (worn)
 w - a +2 robe of cold resistance
 G - a +1 hat (worn) {god gift}
 K - a +1 cloak of cold resistance
 N - a +0 shield of cold resistance (worn)
Jewellery
 q - a ring of wizardry (right hand)
 A - an uncursed ring of fire
 D - the ring "Pujom" {*Tele rC++ Str-4 Int-5 Dex+10}
   (You found it on level 4 of the Dungeon)

   [ring of teleportation]

   It may teleport you next to monsters.
   It affects your strength (-4).
   It affects your intelligence (-5).
   It affects your dexterity (+10).
   It greatly protects you from cold.
Wands
 X - a wand of digging (14)
Scrolls
 g - 2 scrolls of fog {!r}
 j - 7 scrolls of remove curse {!r}
 k - 4 scrolls of amnesia {!r}
 p - 3 scrolls of magic mapping {!r}
 v - a scroll of enchant weapon {!r}
 y - 2 scrolls of enchant armour {!r}
 z - 2 scrolls of fear {!r}
 C - 8 scrolls of teleportation {!r}
Potions
 e - 2 potions of resistance {!q, unknown}
 i - 2 potions of berserk rage {!q, unknown}
 m - 9 potions of curing {!q}
 n - a potion of mutation {!q}
 r - a potion of lignification {!q, unknown}
 u - 2 potions of haste {!q}
 B - a potion of magic {!q}
 H - a potion of flight {!q}
 I - 5 potions of might {!q}
 L - 2 potions of heal wounds {!q}
 T - 3 potions of brilliance {!q}
Books
 o - a book of Unlife

   Spells                             Type                      Level
   a - Recall                         Summoning/Translocation      3
   b - Animate Dead                   Necromancy                   4
   c - Control Undead                 Necromancy                   4
   d - Cigotuvi's Embrace             Necromancy                   5
   e - Death Channel                  Necromancy                   6
   f - Simulacrum                     Ice/Necromancy               6
 E - a book of Debilitation

   Spells                             Type                      Level
   a - Corona                         Hexes                        1
   b - Slow                           Hexes                        2
   c - Inner Flame                    Hexes/Fire                   3
   d - Portal Projectile              Hexes/Translocation          3
   e - Cause Fear                     Hexes                        4
   f - Leda's Liquefaction            Hexes/Earth                  4
 M - a book of Callings

   Spells                             Type                      Level
   a - Summon Small Mammal            Summoning                    1
   b - Call Imp                       Summoning                    2
   c - Call Canine Familiar           Summoning                    3
   d - Summon Guardian Golem          Hexes/Summoning              3
   e - Summon Lightning Spire         Summoning/Air                4
   f - Summon Ice Beast               Ice/Summoning                4
Comestibles
 f - 9 bread rations
 F - a meat ration


   Skills:
 - Level 9.2 Fighting
 * Level 14.5 Throwing
 + Level 4.7 Dodging
 - Level 9.2 Shields
 - Level 5.0 Spellcasting
 - Level 5.0 Hexes
 - Level 9.0 Invocations


You had 12 spell levels left.
You knew the following spells:

 Your Spells              Type           Power        Failure   Level  Hunger
a - Corona                Hex            ####...      1%          1    None
b - Portal Projectile     Hex/Tloc       ###...       6%          3    ###....
c - Cause Fear            Hex            ####......   8%          4    ####...
e - Slow                  Hex            ####....     1%          2    #......


Dungeon Overview and Level Annotations

Branches:
Dungeon (14/15)            Temple (1/1) D:6            Lair (0/6) D:10
    Orc (0/2) D:10         Vaults (0/5) D:13

Altars:
Ashenzari
Dithmenos
Fedhas
Hepliaklqana
Kikubaaqudgha
Makhleb
Nemelex Xobeh
Okawaru
Qazlal
Ru
Trog
Vehumet
Wu Jian
Xom
Yredelemnul
The Shining One

Shops:
D:5 %   D:8 =


Innate Abilities, Weirdness & Mutations

You are too large for most types of armour.
You have tough skin. (AC +1)
You have a beak for a mouth.
Your mind is acute. (Int +2)
You passively map a small area around you.
You evolve.


Message History

You shoot a poisoned needle.
The poisoned needle hits the tengu warrior!!
The tengu warrior looks as sick as possible!
Unknown command.
Firing (i - inventory. (,) - cycle):
h - 47 poisoned needles (quivered)
Press: ? - help, Shift-Dir - straight line, f/p - tengu warrior
Aim: a tengu warrior, wielding an arbalest and wearing a ring mail (lightly wounded, poisoned)
You shoot a poisoned needle.
The tengu conjurer blocks the poisoned needle.
Firing (i - inventory. (,) - cycle):
h - 46 poisoned needles (quivered)
Press: ? - help, Shift-Dir - straight line, f - tengu conjurer, p - tengu warrior
Aim: a tengu conjurer, wearing a buckler You shoot a poisoned needle.
The poisoned needle hits the tengu conjurer!!
The tengu conjurer is poisoned.
The tengu warrior shoots a bolt.
The bolt hits you!
The tengu conjurer casts a spell at you.
The puff of flame hits you! You resist.
The tengu conjurer gestures at you while chanting.
The bolt of magma misses you.
Firing (i - inventory. (,) - cycle):
h - 45 poisoned needles (quivered)
Press: ? - help, Shift-Dir - straight line, f/p - tengu conjurer
Aim: a tengu conjurer, wearing a buckler (poisoned)
You shoot a poisoned needle.
The poisoned needle closely misses the tengu conjurer.
The poisoned needle closely misses the tengu warrior.
Firing (i - inventory. (,) - cycle):
h - 44 poisoned needles (quivered)
Press: ? - help, Shift-Dir - straight line, f/p - tengu conjurer
Aim: a tengu conjurer, wearing a buckler (poisoned)
You shoot a poisoned needle.
The poisoned needle hits the tengu conjurer.
The tengu conjurer looks as sick as possible!
The tengu conjurer gestures wildly while chanting.
The tengu conjurer conjures a globe of magical energy!
A battlesphere comes into view.
The tengu warrior shoots a bolt.
The bolt hits you!!
The cyclops throws a large rock.
The large rock hits you!
The tengu conjurer points at you and mumbles some strange words.
The bolt of magma hits you! You partially resist.
The battlesphere fires!
The barrage of energy hits you!
Things that are here:
a large rock; a bolt Okawaru accepts your kill.
You feel a bit more experienced.
The tengu warrior shoots a bolt.
The bolt hits you!!
* * * LOW HITPOINT WARNING * * *
You see here a bolt.
The tengu warrior shoots a bolt.
The bolt hits you!
* * * LOW HITPOINT WARNING * * *
You see here a bolt.
You open the door.
Found an escape hatch in the ceiling.
There is an open door here.
You close the door.
A tengu conjurer opens the door.
Found 9 gold pieces.
The tengu conjurer gestures at you while chanting.
The puff of flame hits you! You resist.
* * * LOW HITPOINT WARNING * * *
The battlesphere fires!
The barrage of energy hits you!
* * * LOW HITPOINT WARNING * * *
The tengu conjurer mumbles some strange words.
The tengu conjurer blinks!
The tengu warrior shoots a bolt.
The bolt hits you!!
You die...

* *. ############# *.
#......*....# #####. *
#.$.........#####*....
,
#...........#.((Q?>...
#....@.....ยง'.###(....
, , #..........Q###
#..?(( , #.........Q.#
#..(.. +...........#
##(### #...........#
#.## #########.###
#..## * * ..# ##C.# ,
...# ####.# , #.....


You could see a tengu warrior, a tengu conjurer and a battlesphere.

Vanquished Creatures
  A frost giant (IceCv)
  Fannar (D:10)
  The ghost of Amnesiac the Destroyer, a journeyman DEWz of Sif Muna (D:12)
  A hydra (D:12)
  2 centaur warriors (D:13)
  2 dancing weapons (D:13)
  4 two-headed ogres
  An orc knight (D:10)
  An ugly thing (D:12)
  Pikel (D:5)
  A cyclops (D:14)
  A deep elf mage (D:13)
  A moth of wrath (shapeshifter) (D:13)
  2 ice statues (IceCv)
  2 gargoyles (D:13)
  4 trolls
  15 polar bears (IceCv)
  Prince Ribbit (D:5)
  A hippogriff (shapeshifter) (D:13)
  A hippogriff (D:10)
  4 snapping turtles (D:13)
  Sigmund (D:3)
  A vampire (D:7)
  A shadow (D:13)
  A water elemental (D:13)
  A wraith (Ossuary)
  A wyvern (D:7)
  16 yaks
  A steam dragon (D:9)
  A soldier ant (D:12)
  A warg (D:10)
  3 water moccasins
  4 orc warriors
  5 ice beasts
  A black bear (D:13)
  5 sky beasts
  2 necrophages (D:10)
  2 phantoms
  8 centaurs
  11 wolves (IceCv)
  4 ogres
  A crocodile (D:10)
  3 big kobolds
  7 bullfrogs
  4 scorpions
  6 killer bees (D:11)
  2 howler monkeys
  9 wights
  4 electric eels (D:13)
  2 bullfrog zombies
  9 crimson imps
  Crazy Yiuf (D:6)
  3 hounds
  2 centaur skeletons
  4 orc priests
  2 bullfrog skeletons
  3 iguanas
  4 orc wizards
  Ijyb (D:3)
  9 worker ants
  2 hound skeletons (D:9)
  A mummy (Ossuary)
  A howler monkey zombie (D:5)
  7 gnolls
  17 adders
  2 shadow imps (D:11)
  12 white imps (D:11)
  2 oozes
  An adder skeleton (D:4)
  A worm (D:5)
  7 dart slugs
  5 leopard geckos
  30 orcs
  2 ball pythons
  7 giant cockroaches
  13 goblins
  12 hobgoblins
  12 jackals
  29 kobolds
  3 quokkas
  12 bats
  5 frilled lizards
  6 gnoll skeletons (Ossuary)
  A jackal skeleton (D:5)
  5 kobold skeletons (Ossuary)
  A leopard gecko skeleton (D:4)
  2 leopard gecko zombies
  14 orc skeletons (Ossuary)
  A quokka skeleton (D:4)
  8 rats
415 creatures vanquished.

Vanquished Creatures (others)
  A sky beast (D:6)
  An orc wizard (D:12)
  3 gnolls (D:6)
  A shadow imp (D:5)
  2 orcs (D:6)
  A bat (D:13)
9 creatures vanquished.

Grand Total: 424 creatures vanquished

Notes
Turn   | Place    | Note
-------+----------+-------------------------------------------
     0 | D:1      | Amnesiac the Ogre Arcane Marksman began the quest for the Orb.
     0 | D:1      | Reached XP level 1. HP: 19/19 MP: 2/2
   103 | D:1      | Reached XP level 2. HP: 27/27 MP: 2/4
   238 | D:1      | Reached XP level 3. HP: 14/33 MP: 3/6
   246 | D:1      | Learned a level 2 spell: Slow
   263 | D:1      | Learned a level 3 spell: Portal Projectile
   490 | D:1      | Reached skill level 3 in Throwing
   895 | D:1      | Reached XP level 4. HP: 26/41 MP: 5/7
  1259 | D:2      | Reached skill level 4 in Throwing
  1848 | D:2      | Reached XP level 5. HP: 35/48 MP: 6/8
  2469 | D:2      | Reached skill level 5 in Throwing
  2826 | D:3      | Noticed Sigmund
  2955 | D:3      | Noticed Ijyb
  2959 | D:3      | Killed Ijyb
  3030 | D:3      | Reached XP level 6. HP: 33/55 MP: 7/9
  3383 | D:3      | Reached skill level 6 in Throwing
  3480 | D:3      | Killed Sigmund
  3710 | D:4      | Reached XP level 7. HP: 70/71 MP: 10/10
  3712 | D:4      | Reached skill level 5 in Fighting
  3764 | D:4      | Got a scorched copper ring
  3775 | D:4      | Identified the ring "Pujom" {*Tele rC++ Str-4 Int-5 Dex+10} (You found it on level 4 of the Dungeon)
  4360 | D:5      | Entered Level 5 of the Dungeon
  4388 | D:4      | Reached skill level 1 in Shields
  4791 | D:5      | Reached skill level 7 in Throwing
  4791 | D:5      | Reached XP level 8. HP: 13/83 MP: 7/11
  5231 | D:5      | Noticed Prince Ribbit
  5643 | D:5      | Found a glowing golden altar of the Shining One.
  5833 | D:5      | Noticed Pikel
  5881 | D:5      | Killed Pikel
  5881 | D:5      | Reached skill level 8 in Throwing
  6048 | D:5      | Found Saffor's Food Shop.
  6070 | D:5      | Reached skill level 9 in Throwing
  6070 | D:5      | Reached XP level 9. HP: 70/89 MP: 12/12
  6193 | D:5      | Killed Prince Ribbit
  6355 | D:6      | Found a sand-covered staircase.
  6372 | Ossuary  | Entered an ossuary
  7062 | D:6      | Found a staircase to the Ecumenical Temple.
  7079 | D:6      | Found a basalt altar of Yredelemnul.
  7181 | D:6      | Found a runed door.
  7257 | D:6      | Found a basalt altar of Yredelemnul.
  7268 | D:6      | Found a shimmering altar of Xom.
  7752 | Temple   | Entered the Ecumenical Temple
  7859 | Temple   | Became a worshipper of Warmaster Okawaru
  7922 | D:7      | Reached skill level 10 in Throwing
  7922 | D:7      | Reached skill level 5 in Shields
  9290 | D:7      | Reached * piety under Okawaru
  9611 | D:7      | Found a bloodstained altar of Trog.
  9612 | D:7      | Found an ancient bone altar of Kikubaaqudgha.
  9612 | D:7      | Found a glowing golden altar of the Shining One.
  9613 | D:7      | Found a shadowy altar of Dithmenos.
  9614 | D:7      | Found a shattered altar of Ashenzari.
  9616 | D:7      | Found an ornate altar of the Wu Jian Council.
  9706 | D:8      | Found a radiant altar of Vehumet.
  9830 | D:7      | Reached XP level 10. HP: 66/102 MP: 13/13
 10534 | D:8      | Reached ** piety under Okawaru
 10594 | D:8      | Noticed a two-headed ogre
 11054 | D:8      | Found Facaimaz's Jewellery Emporium.
 11330 | D:8      | Killed a two-headed ogre
 11679 | D:9      | Noticed a two-headed ogre
 12047 | D:9      | Noticed a two-headed ogre
 12666 | D:6      | Noticed Crazy Yiuf
 12678 | D:6      | Killed Crazy Yiuf
 12946 | D:8      | Killed a two-headed ogre
 12946 | D:8      | Reached *** piety under Okawaru
 13409 | D:9      | Killed a two-headed ogre
 13657 | D:9      | Reached XP level 11. HP: 81/115 MP: 15/15
 13914 | D:10     | Entered Level 10 of the Dungeon
 13931 | D:10     | Found a staircase to the Lair.
 13984 | D:10     | Found a staircase to the Orcish Mines.
 13997 | D:10     | Noticed Fannar
 14083 | D:10     | Killed Fannar
 14089 | D:10     | Reached **** piety under Okawaru
 14089 | D:10     | Received a gift from Okawaru
 14705 | D:10     | Reached skill level 11 in Throwing
 15011 | D:10     | Noticed an orc knight
 15056 | D:10     | Killed an orc knight
 15882 | D:10     | Received a gift from Okawaru
 16504 | D:11     | Reached skill level 5 in Spellcasting
 16633 | D:11     | Found a frozen archway.
 16771 | IceCv    | Entered an ice cave
 16806 | IceCv    | Reached skill level 5 in Hexes
 16878 | IceCv    | Reached skill level 12 in Throwing
 17340 | IceCv    | Reached ***** piety under Okawaru
 17352 | IceCv    | Learned a level 4 spell: Cause Fear
 17602 | IceCv    | Reached XP level 12. HP: 15/123 MP: 6/19
 18486 | IceCv    | Reached skill level 13 in Throwing
 18548 | IceCv    | Received a gift from Okawaru
 18548 | IceCv    | Reached skill level 1 in Invocations
 18762 | IceCv    | Noticed a frost giant
 18867 | IceCv    | Killed a frost giant
 18867 | IceCv    | Received a gift from Okawaru
 18943 | IceCv    | Reached skill level 5 in Invocations
 19257 | IceCv    | Received a gift from Okawaru
 20265 | D:12     | Gained mutation: You are agile. (Dex +2) [mutagenic meat]
 20266 | D:12     | Gained mutation: You are partially covered in slimy green scales. (AC +2) [mutagenic meat]
 20267 | D:12     | Lost mutation: You are agile. (Dex +2) [mutagenic meat]
 20268 | D:12     | Gained mutation: You do not regenerate when monsters are visible. [mutagenic meat]
 20269 | D:12     | Gained mutation: You passively map a small area around you. [mutagenic meat]
 20270 | D:12     | Gained mutation: Your magical capacity is low. (-10% MP) [mutagenic meat]
 20403 | D:12     | Gained mutation: You are frail. (-10% HP) [mutagenic meat]
 20404 | D:12     | Gained mutation: Your magical capacity is very low. (-20% MP) [mutagenic meat]
 20405 | D:12     | Gained mutation: Your flesh is heat resistant. (rF+) [mutagenic meat]
 20407 | D:12     | Gained mutation: You are somewhat resistant to further mutation. [mutagenic meat]
 20617 | D:12     | Noticed Amnesiac's ghost (journeyman DEWz)
 20634 | D:12     | Killed Amnesiac's ghost
 20870 | D:12     | Noticed a six-headed hydra
 20878 | D:12     | Killed a six-headed hydra
 21853 | D:13     | Noticed a two-headed ogre
 21862 | D:13     | Killed a two-headed ogre
 22034 | D:13     | Reached XP level 13. HP: 87/117 MP: 16/16
 22214 | D:13     | Reached skill level 14 in Throwing
 22935 | D:13     | Received a gift from Okawaru
 22977 | D:13     | Lost mutation: You are frail. (-10% HP) [potion of mutation]
 22977 | D:13     | Lost mutation: You do not regenerate when monsters are visible. [potion of mutation]
 22977 | D:13     | Lost mutation: Your flesh is heat resistant. (rF+) [potion of mutation]
 22977 | D:13     | Gained mutation: Your flesh is cold resistant. (rC+) [potion of mutation]
 22978 | D:13     | Lost mutation: Your flesh is cold resistant. (rC+) [potion of mutation]
 22978 | D:13     | Lost mutation: Your magical capacity is very low. (-20% MP) [potion of mutation]
 22978 | D:13     | Lost mutation: You are somewhat resistant to further mutation. [potion of mutation]
 22978 | D:13     | Gained mutation: Your muscles are strong. (Str +2) [potion of mutation]
 22979 | D:13     | Lost mutation: Your muscles are strong. (Str +2) [potion of mutation]
 22979 | D:13     | Lost mutation: Your magical capacity is low. (-10% MP) [potion of mutation]
 22979 | D:13     | Lost mutation: You are partially covered in slimy green scales. (AC +2) [potion of mutation]
 22979 | D:13     | Gained mutation: You evolve. [potion of mutation]
 22979 | D:13     | Gained mutation: You have a beak for a mouth. [potion of mutation]
 23218 | D:13     | Found a gate to the Vaults.
 24354 | D:13     | Gained mutation: Your mind is acute. (Int +2) [evolution]
 24880 | D:14     | Shot with a bolt by a tengu warrior

Vault maps used:
D:1:      scummos_arrival_hexagon, minmay_tetromino_l4
D:3:      uniq_ijyb, uniq_sigmund
D:4:      first_bread
D:5:      serial_shops, shop, nicolae_tso_swordbearing_angel, uniq_pikel,
          uniq_prince_ribbit1
D:6:      lemuel_round_altar, nicolae_overflow_crystal_walls, temple_statues,
          basic_altar, nicolae_ossuary_entry_ruins, lemuel_old_faithful,
          uniq_crazy_yiuf_cottage
D:7:      minitemple
D:8:      serial_shops, shop, vehumet_altar_wand_db
D:9:      corexii_shack_village, serial_glass, glass_columns_b, glass_columns_c,
          glass_columns_a, glass_columns_a, glass_columns_a
D:10:     lair_entry_dummy, orc_david_3, uniq_fannar
D:11:     portal_ice_cave_entry_imps
D:13:     wad_bat_island, erik_vaults_1
D:14:     uniq_agnes
Temple:   minmay_temple_curvy_branch
Ossuary:  ossuary_due_mausoleum
IceCv:    ice_cave_small_giant

Skill      XL: |  1  2  3  4  5  6  7  8  9 10 11 12 13 |
---------------+----------------------------------------+-----
Hexes          | 3 5 |  5.0
Spellcasting   | 2 3 5 |  5.0
Throwing       | 3 4 5 6 7 9 10 12 13 14 | 14.5
Fighting       | 4 6 7 9 |  9.2
Shields        | 2 4 7 9 |  9.2
Invocations    | 8 9 |  9.0
Dodging        | 3 4 |  4.7

Action                   |  1- 3 |  4- 6 |  7- 9 | 10-12 | 13-15 || total
-------------------------+-------+-------+-------+-------+-------++-------
Melee: Whip              |    81 |   129 |       |       |       ||   210
       Short sword       |       |    45 |   351 |    58 |       ||   454
       Flail             |       |    13 |       |    11 |       ||    24
       Dagger            |       |       |    12 |   414 |       ||   426
 Fire: Blowgun           |       |       |       |   462 |    45 ||   507
Throw: Large rock        |     1 |     9 |    21 |    35 |    24 ||    90
       Stone             |       |       |   268 |   261 |   138 ||   667
       Throwing net      |       |       |    10 |     2 |       ||    12
       Javelin           |       |       |       |    52 |    28 ||    80
       Tomahawk          |       |       |       |     3 |       ||     3
 Cast: Corona            |    33 |    63 |    16 |    29 |     9 ||   150
       Slow              |       |     1 |    11 |    31 |     6 ||    49
       Portal Projectile |       |       |       |     7 |     2 ||     9
       Cause Fear        |       |       |       |     2 |     2 ||     4
Invok: Heroism           |       |       |       |     2 |     1 ||     3
       Finesse           |       |       |       |       |     1 ||     1
Evoke: Wand              |       |       |       |     9 |       ||     9
  Use: Potion            |       |       |     1 |     4 |     4 ||     9
       Scroll            |       |       |       |    25 |     1 ||    26
 Stab: Held in net/web   |       |       |     2 |       |       ||     2
  Eat: Chunk             |     1 |    11 |    12 |    33 |     6 ||    63
       Meat ration       |       |       |     1 |     4 |     1 ||     6
       Royal jelly       |       |       |     1 |     1 |     2 ||     4
       Fruit             |       |       |       |       |     3 ||     3
Armor: Robe              |    18 |    63 |    95 |   163 |    17 ||   356
Dodge: Dodged            |    44 |   120 |   146 |   274 |    45 ||   629
Block: Shield            |       |       |   117 |   388 |    55 ||   560

Table legend:
 A = Spawn XP
 B = Non-spawn XP
 C = Spawn XP percentage of total XP
 D = Spawn monster count
 E = Non-spawn monster count
 F = Spawn count percentage of total count
 G = Total turns spent on level
                    A         B        C        D         E        F      G
               +---------+---------+-------+---------+---------+-------+---------
         Total |       0 |   40548 |   0.0 |       0 |     416 |   0.0 | 24880
               +---------+---------+-------+---------+---------+-------+---------
           D:1 |       0 |      83 |   0.0 |       0 |      34 |   0.0 |  1076
           D:2 |       0 |     157 |   0.0 |       0 |      33 |   0.0 |  1694
           D:3 |       0 |     365 |   0.0 |       0 |      19 |   0.0 |   891
           D:4 |       0 |     445 |   0.0 |       0 |      19 |   0.0 |  1078
           D:5 |       0 |    1663 |   0.0 |       0 |      21 |   0.0 |  1494
           D:6 |       0 |     339 |   0.0 |       0 |      20 |   0.0 |  1665
           D:7 |       0 |    1887 |   0.0 |       0 |      33 |   0.0 |  2586
           D:8 |       0 |    2788 |   0.0 |       0 |      22 |   0.0 |  1744
           D:9 |       0 |    1442 |   0.0 |       0 |      28 |   0.0 |  1006
          D:10 |       0 |    4477 |   0.0 |       0 |      33 |   0.0 |  2092
          D:11 |       0 |    1010 |   0.0 |       0 |      26 |   0.0 |  1279
          D:12 |       0 |    4925 |   0.0 |       0 |      25 |   0.0 |  1572
          D:13 |       0 |   10455 |   0.0 |       0 |      39 |   0.0 |  3071
          D:14 |       0 |     556 |   0.0 |       0 |       1 |   0.0 |    50
       Ossuary |       0 |     257 |   0.0 |       0 |      27 |   0.0 |   561
         IceCv |       0 |    9699 |   0.0 |       0 |      36 |   0.0 |  2902
               +---------+---------+-------+---------+---------+-------+---------
